Royaux vs Thunder

Created - February 20, 2021 at 20:22

Goals
1 2 3 T
Royaux 2 1 2 5
Thunder 0 1 1 2
Shots
1 2 3 T
Royaux 10 12 8 30
Thunder 7 12 9 28

1st period

1. Royaux , Sonny Milano 9 (Phil Oreskovic 12) at 3:40
2. Royaux , Sonny Milano 10 (Jordie Benn 20) at 14:31

Penalties :
Trevor Lewis (TRO) for Hooking (Minor) at 8:34, Jesper Pettersson (TRO) for Cross-checking (Minor) at 11:26

2nd period

3. Royaux , Mathieu Joseph 7 (Ryan Pulock 3, Sonny Milano 12) at 5:40
4. Thunder , Jesper Pettersson 1 (Brayden Point 24, Artturi Lehkonen 8) at 7:31 (PP)

Penalties :
Mackenze Stewart (TRO) for Hooking (Minor) at 1:44, Tye McGinn (Cap) for Hooking (Minor) at 6:49, Jesper Pettersson (TRO) for Hooking (Minor) at 8:27, Mackenze Stewart (TRO) for Tripping (Minor) at 12:15

3rd period

5. Royaux , Brandon Pirri 30 (Phil Oreskovic 13) at 1:58
6. Royaux , Ben Hanowski 21 (Dylan Larkin 41) at 2:10
7. Thunder , William Karlsson 33 (Jamie McGinn 15, Gianluca Curcuruto 19) at 14:55

Penalties :
Colton Sceviour (TRO) for Hooking (Minor) at 2:18, Mikko Vainonen (TRO) for Holding Stick (Minor) at 16:03

Goalie Stats

Igor Shesterkin (Cap), 26 saves from 28 shots - (0.929), W, 10-10-4, 60:00 minutes
Niklas Treutle (TRO), 6 saves from 6 shots - (1.000), 17:50 minutes
Sergei Kostenko (TRO), 19 saves from 24 shots - (0.792), L, 4-9-0, 42:10 minutes

Players Stats for Royaux

Player Name              G  A  P  +/- PIM S  H  SB GA TA FO     MP     PP MP  PK MP  
------------------------------------------------------------------------------------
Ben Hanowski             1  0  1   0  0   3  2  1  1  0  0/0    21:39   7:12   0:00 
Brandon Pirri            1  0  1   1  0   3  1  1  1  0  0/0    18:13   6:17   0:00 
Brendan Woods            0  0  0   0  0   2  1  1  1  0  0/0    11:31   0:00   0:42 
Danny Kristo             0  0  0   0  0   1  3  0  1  0  1/3    11:55   0:24   0:42 
Dylan Larkin             0  1  1   0  0   0  1  0  1  0  17/31  21:39   7:12   0:00 
Garrett Wilson           0  0  0   3  0   1  0  0  0  0  3/5     8:13   0:00   0:00 
Jordie Benn              0  1  1   1  0   0  0  1  1  2  0/0    24:51   7:53   0:33 
Kasperi Kapanen          0  0  0   1  0   1  3  1  1  0  0/1    18:13   6:17   0:00 
Marcus Pettersson        0  0  0   1  0   1  2  0  1  0  0/0    24:18   7:53   0:00 
Mathew Barzal            0  0  0   1  0   0  0  0  1  0  10/15  18:13   6:17   0:00 
Mathieu Joseph           1  0  1   3  0   1  0  0  0  0  0/0     8:37   0:24   0:00 
Phil Oreskovic           0  2  2   3  0   0  1  0  2  0  0/0    19:25   6:00   0:09 
Rourke Chartier          0  0  0   0  0   0  1  0  0  1  0/2    10:49   0:00   0:00 
Ryan Pulock              0  1  1   3  0   2  0  0  0  0  0/0    14:02   0:00   0:09 
Simon Despres            0  0  0   0  0   1  1  2  0  0  0/0    16:17   0:00   0:33 
Sonny Milano             2  1  3   3  0   4  0  0  0  0  0/0     8:37   0:24   0:00 
Travis Sanheim           0  0  0   0  0   7  1  1  0  1  0/0    21:07   6:00   0:00 
Tye McGinn               0  0  0   0  2   3  7  1  0  1  2/3    21:38   7:12   0:00 

Players Stats for Thunder

Player Name              G  A  P  +/- PIM S  H  SB GA TA FO     MP     PP MP  PK MP  
------------------------------------------------------------------------------------
Angelo Esposito          0  0  0   0  0   1  0  0  1  0  0/3    12:10   0:00   0:00 
Artturi Lehkonen         0  1  1  -2  0   1  0  1  1  1  0/1    14:45   0:15   0:00 
Artur Gavrus             0  0  0   0  0   0  0  0  0  0  0/0     0:00   0:00   0:00 
Austin Poganski          0  0  0  -2  0   1  1  0  0  1  0/1    14:45   0:15   0:00 
Brayden Point            0  1  1  -2  0   4  2  1  0  3  6/9    22:44   0:15   6:53 
Colby Cave               0  0  0   0  0   0  0  0  0  0  0/1     4:56   0:00   2:39 
Colton Sceviour          0  0  0  -2  2   1  1  1  0  0  0/2    16:03   0:27   0:00 
Emil Johansson           0  0  0  -1  0   0  2  2  0  0  0/0    20:29   0:42   5:58 
Gianluca Curcuruto       0  1  1  -2  0   1  2  1  0  2  0/0    27:20   0:00   7:47 
Jakob Lilja              0  0  0   0  0   2  2  0  2  0  0/0    12:28   0:00   1:55 
Jamie McGinn             0  1  1  -2  0   3  0  0  0  1  2/2    20:46   0:27   4:34 
Jarrod Maidens           0  0  0   0  0   0  0  0  0  0  0/0     0:00   0:00   0:00 
Jesper Pettersson        1  0  1  -1  4   2  1  3  0  2  0/0    19:39   0:42   3:58 
Mackenze Stewart         0  0  0  -1  4   1  1  0  0  0  0/0    15:14   0:00   2:39 
Mikko Vainonen           0  0  0  -2  2   3  1  1  1  1  0/0    26:27   0:00   6:46 
Nikolay Prokhorkin       0  0  0   0  0   0  0  0  0  0  0/0     2:57   0:00   0:00 
Ryan Graves              0  0  0  -1  0   1  0  1  0  0  0/0    12:58   0:00   0:38 
Trevor Lewis             0  0  0   0  2   0  0  0  0  0  4/6    13:54   0:00   3:46 
Vincent Dunn             0  0  0   0  0   0  0  0  0  0  0/0     0:00   0:00   0:00 
William Karlsson         1  0  1  -2  0   6  0  0  0  0  13/32  25:02   0:27   7:16 
Zach Stepan              0  0  0   0  0   1  0  0  0  0  2/3     3:23   0:00   0:43 

3 Stars

1 - Sonny Milano (Cap)
2 - Phil Oreskovic (Cap)
3 - Mathieu Joseph (Cap)

Power Play

Royaux - 0 on 7 Attempt(s) - 0.00%
Thunder - 1 on 1 Attempt(s) - 100.00%

Penalty Kill

Royaux - 0 on 1 Attempt(s) - 0.00% - Score 0 goal in Penalty Kill
Thunder - 7 on 7 Attempt(s) - 100.00% - Score 0 goal in Penalty Kill

Team Stat

Royaux - Hits : 24 - Faceoff Wins : 33 - Blocked Shots : 9 - Penalty Minutes : 2
Thunder - Hits : 13 - Faceoff Wins : 27 - Blocked Shots : 11 - Penalty Minutes : 14

Official

Referees : Unknown
Linesman : Unknown

Game Notes

Niklas Treutle enters game at 2:10 of 3rd period

Finance

Level 1 -- Attendance: 1204 (60.20%) -- Ticket Income $48,160
Level 2 -- Attendance: 690 (69.00%) -- Ticket Income $13,800
Total Attendance: 1894 (63.13%)
Total Ticket Income: $61,960
Other Income: $3,098
Total Income: $65,058

Royaux

5 vs 5 Forward 
   Center                   Left Wing                Right Wing               Time % Phy DF OF 
 1 Dylan Larkin             Tye McGinn               Ben Hanowski             40     0   2  3  
 2 Mathew Barzal            Brandon Pirri            Kasperi Kapanen          30     0   2  3  
 3 Rourke Chartier          Brendan Woods            Danny Kristo             20     0   2  3  
 4 Garrett Wilson           Sonny Milano             Mathieu Joseph           10     0   3  2  

5 vs 5 Defense 
   Defense                  Defense                                           Time % Phy DF OF 
 1 Travis Sanheim           Simon Despres                                     35     0   3  2  
 2 Marcus Pettersson        Jordie Benn                                       35     0   3  2  
 3 Ryan Pulock              Phil Oreskovic                                    15     0   3  2  
 4 Ryan Pulock              Phil Oreskovic                                    15     0   3  2  

PowerPlay Forward 
   Center                   Left Wing                Right Wing               Time % Phy DF OF 
 1 Dylan Larkin             Tye McGinn               Ben Hanowski             60     0   1  4  
 2 Mathew Barzal            Brandon Pirri            Kasperi Kapanen          40     0   1  4  

PowerPlay Defense
   Defense                  Defense                                           Time % Phy DF OF 
 1 Jordie Benn              Marcus Pettersson                                 60     0   2  3  
 2 Phil Oreskovic           Travis Sanheim                                    40     0   2  3  

Penalty Kill 4 Players Forward 
   Center                   Wing                     Time % Phy DF OF 
 1 Danny Kristo             Brendan Woods            60     0   4  1  
 2 Ben Hanowski             Tye McGinn               40     0   4  1  

Penalty Kill 4 Players Defense
   Defense                  Defense                  Time % Phy DF OF 
 1 Jordie Benn              Simon Despres            60     1   2  2  
 2 Phil Oreskovic           Ryan Pulock              40     1   2  2  

Penalty Kill - 3 Players Forward 
   Forward                                           Time % Phy DF OF 
 1 Brendan Woods                                     60     0   4  1  
 2 Danny Kristo                                      40     0   4  1  

Penalty Kill - 3 Players Defense
   Defense                  Defense                  Time % Phy DF OF 
 1 Jordie Benn              Simon Despres            60     1   2  2  
 2 Phil Oreskovic           Ryan Pulock              40     1   2  2  

4 vs 4 Forward 
   Center                   Wing                     Time % Phy DF OF 
 1 Dylan Larkin             Tye McGinn               60     0   2  3  
 2 Ben Hanowski             Brandon Pirri            40     0   2  3  

4 vs 4 Defense
   Defense                  Defense                  Time % Phy DF OF 
 1 Travis Sanheim           Simon Despres            60     0   3  2  
 2 Jordie Benn              Marcus Pettersson        40     0   3  2  

Last Minutes Offensive
   Center                   Left Wing                Right Wing               Defense                  Defense                  
   Dylan Larkin             Tye McGinn               Ben Hanowski             Marcus Pettersson        Travis Sanheim           

Last Minutes Defensive
   Center                   Left Wing                Right Wing               Defense                  Defense                  
   Tye McGinn               Brendan Woods            Danny Kristo             Phil Oreskovic           Simon Despres            

Goaltenders
Starting : Igor Shesterkin          
Backup : Olivier Roy              

Extra Forwards
Normal : Dylan Larkin, Kasperi Kapanen, Danny Kristo - PP : Sonny Milano, Danny Kristo - PK : Garrett Wilson
Extra Defensemen
Normal : Travis Sanheim, Marcus Pettersson, Phil Oreskovic - PP : Simon Despres - PK : Marcus Pettersson, Travis Sanheim
Penalty Shots
Dylan Larkin, Brandon Pirri, Danny Kristo, Sonny Milano, Ben Hanowski

Scratches
Vladislav Namestnikov (Sprained Left Knee Injury), Troy Terry (Healthy), Tanner Kero (Healthy), Greg McKegg (Healthy), Nikita Pavlychev (Healthy)
Konrad Abeltshauser (Healthy), Dylan DeMelo (Healthy), Tomas Hyka (Healthy), Ian McCoshen (Healthy), Michael Bunting (Healthy)
Ryan Mantha (Healthy), Jack Ramsey (Healthy), Marcus Hogberg (Healthy)

Thunder

5 vs 5 Forward 
   Center                   Left Wing                Right Wing               Time % Phy DF OF 
 1 William Karlsson         Jamie McGinn             Colton Sceviour          40     1   2  2  
 2 Brayden Point            Artturi Lehkonen         Austin Poganski          30     1   2  2  
 3 Trevor Lewis             Jakob Lilja              Angelo Esposito          20     1   2  2  
 4 Angelo Esposito          Nikolay Prokhorkin       William Karlsson         10     1   2  2  

5 vs 5 Defense 
   Defense                  Defense                                           Time % Phy DF OF 
 1 Mikko Vainonen           Gianluca Curcuruto                                40     1   2  2  
 2 Emil Johansson           Jesper Pettersson                                 30     1   2  2  
 3 Ryan Graves              Mackenze Stewart                                  20     1   2  2  
 4 Mikko Vainonen           Gianluca Curcuruto                                10     1   2  2  

PowerPlay Forward 
   Center                   Left Wing                Right Wing               Time % Phy DF OF 
 1 William Karlsson         Jamie McGinn             Colton Sceviour          60     1   2  2  
 2 Brayden Point            Artturi Lehkonen         Austin Poganski          40     1   2  2  

PowerPlay Defense
   Defense                  Defense                                           Time % Phy DF OF 
 1 Mikko Vainonen           Gianluca Curcuruto                                60     1   2  2  
 2 Emil Johansson           Jesper Pettersson                                 40     1   2  2  

Penalty Kill 4 Players Forward 
   Center                   Wing                     Time % Phy DF OF 
 1 William Karlsson         Brayden Point            60     1   2  2  
 2 Trevor Lewis             Jamie McGinn             40     1   2  2  

Penalty Kill 4 Players Defense
   Defense                  Defense                  Time % Phy DF OF 
 1 Mikko Vainonen           Gianluca Curcuruto       60     1   2  2  
 2 Emil Johansson           Jesper Pettersson        40     1   2  2  

Penalty Kill - 3 Players Forward 
   Forward                                           Time % Phy DF OF 
 1 William Karlsson                                  60     1   2  2  
 2 Brayden Point                                     40     1   2  2  

Penalty Kill - 3 Players Defense
   Defense                  Defense                  Time % Phy DF OF 
 1 Mikko Vainonen           Gianluca Curcuruto       60     1   2  2  
 2 Emil Johansson           Jesper Pettersson        40     1   2  2  

4 vs 4 Forward 
   Center                   Wing                     Time % Phy DF OF 
 1 William Karlsson         Brayden Point            60     1   2  2  
 2 Trevor Lewis             Jamie McGinn             40     1   2  2  

4 vs 4 Defense
   Defense                  Defense                  Time % Phy DF OF 
 1 Mikko Vainonen           Gianluca Curcuruto       60     1   2  2  
 2 Emil Johansson           Jesper Pettersson        40     1   2  2  

Last Minutes Offensive
   Center                   Left Wing                Right Wing               Defense                  Defense                  
   William Karlsson         Jamie McGinn             Colton Sceviour          Mikko Vainonen           Gianluca Curcuruto       

Last Minutes Defensive
   Center                   Left Wing                Right Wing               Defense                  Defense                  
   William Karlsson         Jamie McGinn             Colton Sceviour          Mikko Vainonen           Gianluca Curcuruto       

Goaltenders
Starting : Sergei Kostenko          
Backup : Niklas Treutle           

Extra Forwards
Normal : Zach Stepan, Vincent Dunn, Colby Cave - PP : Zach Stepan, Vincent Dunn - PK : Colby Cave
Extra Defensemen
Normal : Ryan Graves, Mackenze Stewart, Emil Johansson - PP : Ryan Graves - PK : Mackenze Stewart, Emil Johansson
Penalty Shots
William Karlsson, Brayden Point, Trevor Lewis, Jamie McGinn, Angelo Esposito

Scratches
Dany Roussin (Back Spasms Injury)

% Time on Ice - Royaux

Lines # - Real PCT - Wanted PCT - Time Play
Normal Forward
1 - 32% - 40% - 14:27
2 - 26% - 30% - 11:56
3 - 24% - 20% - 10:49
4 - 18% - 10% - 8:13
Normal Defense
1 - 35% - 35% - 15:54
2 - 37% - 35% - 16:43
3 - 15% - 15% - 6:41
4 - 13% - 15% - 6:07
PP Forward
1 - 55% - 60% - 7:36
2 - 45% - 40% - 6:17
PP Defense
1 - 57% - 60% - 7:53
2 - 43% - 40% - 6:00
PK Forward
1 - 100% - 60% - 0:42
2 - 0% - 40% - 0:00
PK Defense
1 - 79% - 60% - 0:33
2 - 21% - 40% - 0:09
PK3 Forward
1 - 0% - 60%
2 - 0% - 40%
PK3 Defense
1 - 0% - 60%
2 - 0% - 40%
44 Forward
1 - 0% - 60%
2 - 0% - 40%
44 Defense
1 - 0% - 60%
2 - 0% - 40%
Last Minute Offensive  - 0:00
Last Minute Defensive  - 0:00
Total
Forward - 60:00
Defense - 60:00

% Time on Ice - Thunder

Lines # - Real PCT - Wanted PCT - Time Play
Normal Forward
1 - 39% - 40% - 17:49
2 - 33% - 30% - 15:01
3 - 21% - 20% - 9:38
4 - 6% - 10% - 2:57
Normal Defense
1 - 41% - 40% - 18:31
2 - 30% - 30% - 13:47
3 - 26% - 20% - 11:57
4 - 3% - 10% - 1:10
PP Forward
1 - 64% - 60% - 0:27
2 - 36% - 40% - 0:15
PP Defense
1 - 0% - 60% - 0:00
2 - 100% - 40% - 0:42
PK Forward
1 - 67% - 60% - 9:19
2 - 33% - 40% - 4:34
PK Defense
1 - 57% - 60% - 7:51
2 - 43% - 40% - 6:02
PK3 Forward
1 - 0% - 60%
2 - 0% - 40%
PK3 Defense
1 - 0% - 60%
2 - 0% - 40%
44 Forward
1 - 0% - 60%
2 - 0% - 40%
44 Defense
1 - 0% - 60%
2 - 0% - 40%
Last Minute Offensive  - 0:00
Last Minute Defensive  - 0:00
Total
Forward - 60:00
Defense - 60:00

Play-by-Play

1st period


0:01 of 1st period - Dylan Larkin wins face-off versus William Karlsson in neutral zone.
0:06 of 1st period - Jamie McGinn is hit by Tye McGinn.
0:35 of 1st period - Slapshot by Travis Sanheim.
0:35 of 1st period - Shot Misses the Net.
0:42 of 1st period - Icing by Simon Despres.
0:43 of 1st period - Trevor Lewis wins face-off versus Rourke Chartier in Royaux zone.
0:56 of 1st period - Snap shot by Travis Sanheim.
0:56 of 1st period - Shot Blocked by Jesper Pettersson.
0:58 of 1st period - Snap shot by Brendan Woods.
0:58 of 1st period - Stopped by Sergei Kostenko without a rebound.
0:59 of 1st period - Garrett Wilson wins face-off versus Angelo Esposito in Thunder zone.
1:00 of 1st period - Snap shot by Sonny Milano.
1:00 of 1st period - Stopped by Sergei Kostenko with a rebound.
1:26 of 1st period - Jordie Benn is hit by Austin Poganski and loses puck.
1:31 of 1st period - Snap shot by Brayden Point.
1:31 of 1st period - Stopped by Igor Shesterkin without a rebound.
1:32 of 1st period - Mathew Barzal wins face-off versus William Karlsson in Royaux zone.
1:37 of 1st period - Snap shot by Brandon Pirri.
1:37 of 1st period - Shot Misses the Net.
2:01 of 1st period - Icing by Phil Oreskovic.
2:02 of 1st period - Dylan Larkin wins face-off versus Artturi Lehkonen in Royaux zone.
2:09 of 1st period - Snap shot by Brayden Point.
2:09 of 1st period - Shot Misses the Net.
2:17 of 1st period - Snap shot by Tye McGinn.
2:17 of 1st period - Stopped by Sergei Kostenko with a rebound.
2:25 of 1st period - Wrist shot by Dylan Larkin.
2:25 of 1st period - Shot Misses the Net.
2:27 of 1st period - Slapshot by Phil Oreskovic.
2:27 of 1st period - Shot Misses the Net.
2:29 of 1st period - Wrist shot by Ryan Pulock.
2:29 of 1st period - Shot Blocked by Mikko Vainonen.
2:31 of 1st period - Slapshot by Ryan Pulock.
2:31 of 1st period - Stopped by Sergei Kostenko without a rebound.
2:32 of 1st period - Danny Kristo wins face-off versus William Karlsson in Thunder zone.
2:41 of 1st period - Snap shot by Danny Kristo.
2:41 of 1st period - Shot Misses the Net.
3:17 of 1st period - Mikko Vainonen is hit by Tye McGinn and loses puck.
3:40 of 1st period - Wrist shot by Sonny Milano.
3:40 of 1st period - Goal by Sonny Milano - Royaux : 1 - Thunder : 0.
3:41 of 1st period - Mathew Barzal wins face-off versus William Karlsson in neutral zone.
3:46 of 1st period - Snap shot by Kasperi Kapanen.
3:46 of 1st period - Stopped by Sergei Kostenko with a rebound.
3:51 of 1st period - Off-side.
3:52 of 1st period - William Karlsson wins face-off versus Rourke Chartier in neutral zone.
4:05 of 1st period - Slapshot by Travis Sanheim.
4:05 of 1st period - Stopped by Sergei Kostenko with a rebound.
4:08 of 1st period - Icing by Gianluca Curcuruto.
4:09 of 1st period - Tye McGinn wins face-off versus William Karlsson in Thunder zone.
4:20 of 1st period - Snap shot by Jamie McGinn.
4:20 of 1st period - Stopped by Igor Shesterkin without a rebound.
4:21 of 1st period - Trevor Lewis wins face-off versus Mathew Barzal in Royaux zone.
4:56 of 1st period - Snap shot by William Karlsson.
4:56 of 1st period - Stopped by Igor Shesterkin with a rebound.
5:18 of 1st period - Slapshot by Mikko Vainonen.
5:18 of 1st period - Stopped by Igor Shesterkin with a rebound.
6:13 of 1st period - Artturi Lehkonen is hit by Ben Hanowski.
6:23 of 1st period - Slapshot by Brayden Point.
6:23 of 1st period - Stopped by Igor Shesterkin with a rebound.
7:04 of 1st period - Artturi Lehkonen is hit by Simon Despres and loses puck.
7:50 of 1st period - Off-side.
7:51 of 1st period - Brayden Point wins face-off versus Kasperi Kapanen in neutral zone.
8:11 of 1st period - Snap shot by Kasperi Kapanen.
8:11 of 1st period - Shot Misses the Net.
8:34 of 1st period - Minor Penalty to Trevor Lewis for Hooking.
8:35 of 1st period - Dylan Larkin wins face-off versus William Karlsson in Thunder zone.
9:59 of 1st period - Slapshot by Zach Stepan.
9:59 of 1st period - Stopped by Igor Shesterkin without a rebound.
10:00 of 1st period - Mathew Barzal wins face-off versus Zach Stepan in Royaux zone.
10:34 of 1st period - Penalty to Trevor Lewis is over, Trevor Lewis is back on ice.
10:56 of 1st period - Snap shot by Trevor Lewis.
10:56 of 1st period - Shot Misses the Net.
10:58 of 1st period - Snap shot by Mikko Vainonen.
10:58 of 1st period - Shot Misses the Net.
11:00 of 1st period - Wrist shot by Mikko Vainonen.
11:00 of 1st period - Shot Blocked by Simon Despres.
11:02 of 1st period - Slapshot by Mikko Vainonen.
11:02 of 1st period - Shot Blocked by Simon Despres.
11:04 of 1st period - Slapshot by Gianluca Curcuruto.
11:04 of 1st period - Stopped by Igor Shesterkin without a rebound.
11:05 of 1st period - Brayden Point wins face-off versus Mathew Barzal in Royaux zone.
11:26 of 1st period - Minor Penalty to Jesper Pettersson for Cross-checking.
11:27 of 1st period - Dylan Larkin wins face-off versus William Karlsson in Thunder zone.
11:36 of 1st period - Snap shot by Dylan Larkin.
11:36 of 1st period - Shot Blocked by Brayden Point.
11:43 of 1st period - Slapshot by Tye McGinn.
11:43 of 1st period - Shot Misses the Net.
13:26 of 1st period - Penalty to Jesper Pettersson is over, Jesper Pettersson is back on ice.
13:46 of 1st period - Ryan Pulock is hit by Emil Johansson and loses puck.
14:09 of 1st period - Slapshot by Simon Despres.
14:09 of 1st period - Stopped by Sergei Kostenko with a rebound.
14:15 of 1st period - Slapshot by Sonny Milano.
14:15 of 1st period - Stopped by Sergei Kostenko without a rebound.
14:16 of 1st period - Garrett Wilson wins face-off versus William Karlsson in Thunder zone.
14:31 of 1st period - Wrist shot by Sonny Milano.
14:31 of 1st period - Goal by Sonny Milano - Royaux : 2 - Thunder : 0.
14:32 of 1st period - Dylan Larkin wins face-off versus William Karlsson in neutral zone.
14:57 of 1st period - Brandon Pirri is hit by Gianluca Curcuruto and loses puck.
15:05 of 1st period - Off-side.
15:06 of 1st period - William Karlsson wins face-off versus Dylan Larkin in neutral zone.
18:07 of 1st period - William Karlsson is hit by Kasperi Kapanen and loses puck.
18:39 of 1st period - Mikko Vainonen is hit by Brendan Woods and loses puck.
19:20 of 1st period - Jakob Lilja is hit by Brandon Pirri and loses puck.
19:25 of 1st period - Snap shot by Mathew Barzal.
19:25 of 1st period - Shot Misses the Net.
19:38 of 1st period - Icing by Mathieu Joseph.
19:39 of 1st period - Zach Stepan wins face-off versus Dylan Larkin in Royaux zone.
19:52 of 1st period - Jamie McGinn is hit by Tye McGinn and loses puck.
Goals for this period are 2 for Royaux vs 0 for Thunder.
Shots for this period are 10 for Royaux vs 7 for Thunder.

2nd period


0:01 of 2nd period - Dylan Larkin wins face-off versus Colton Sceviour in neutral zone.
0:10 of 2nd period - Slapshot by William Karlsson.
0:10 of 2nd period - Shot Misses the Net.
0:12 of 2nd period - Slapshot by Mikko Vainonen.
0:12 of 2nd period - Shot Blocked by Ben Hanowski.
0:14 of 2nd period - Wrist shot by William Karlsson.
0:14 of 2nd period - Shot Blocked by Tye McGinn.
0:28 of 2nd period - Snap shot by Brandon Pirri.
0:28 of 2nd period - Shot Misses the Net.
0:50 of 2nd period - Wrist shot by Trevor Lewis.
0:50 of 2nd period - Shot Blocked by Brendan Woods.
0:56 of 2nd period - Slapshot by Travis Sanheim.
0:56 of 2nd period - Deflect By Gianluca Curcuruto.
0:56 of 2nd period - Stopped by Sergei Kostenko without a rebound.
0:57 of 2nd period - William Karlsson wins face-off versus Dylan Larkin in Thunder zone.
1:22 of 2nd period - Marcus Pettersson is hit by Brayden Point and loses puck.
1:27 of 2nd period - Snap shot by Brayden Point.
1:27 of 2nd period - Shot Blocked by Jordie Benn.
1:29 of 2nd period - Slapshot by Ryan Graves.
1:29 of 2nd period - Stopped by Igor Shesterkin with a rebound.
1:31 of 2nd period - Wrist shot by Austin Poganski.
1:31 of 2nd period - Shot Misses the Net.
1:44 of 2nd period - Minor Penalty to Mackenze Stewart for Hooking.
1:45 of 2nd period - Dylan Larkin wins face-off versus William Karlsson in Thunder zone.
1:47 of 2nd period - Snap shot by Tye McGinn.
1:47 of 2nd period - Shot Misses the Net.
1:49 of 2nd period - Wrist shot by Tye McGinn.
1:49 of 2nd period - Shot Misses the Net.
1:51 of 2nd period - Snap shot by Dylan Larkin.
1:51 of 2nd period - Shot Misses the Net.
2:11 of 2nd period - Slapshot by Marcus Pettersson.
2:11 of 2nd period - Stopped by Sergei Kostenko without a rebound.
2:12 of 2nd period - Mathew Barzal wins face-off versus William Karlsson in Thunder zone.
2:19 of 2nd period - Snap shot by Kasperi Kapanen.
2:19 of 2nd period - Shot Misses the Net.
2:21 of 2nd period - Wrist shot by Brandon Pirri.
2:21 of 2nd period - Stopped by Sergei Kostenko without a rebound.
2:22 of 2nd period - William Karlsson wins face-off versus Dylan Larkin in Thunder zone.
2:28 of 2nd period - Icing by Jordie Benn.
2:29 of 2nd period - William Karlsson wins face-off versus Tye McGinn in Royaux zone.
2:55 of 2nd period - Wrist shot by Tye McGinn.
2:55 of 2nd period - Stopped by Sergei Kostenko without a rebound.
2:56 of 2nd period - Mathew Barzal wins face-off versus Trevor Lewis in Thunder zone.
3:11 of 2nd period - Wrist shot by Travis Sanheim.
3:11 of 2nd period - Stopped by Sergei Kostenko without a rebound.
3:12 of 2nd period - Dylan Larkin wins face-off versus William Karlsson in Thunder zone.
3:44 of 2nd period - Penalty to Mackenze Stewart is over, Mackenze Stewart is back on ice.
4:14 of 2nd period - Slapshot by Travis Sanheim.
4:14 of 2nd period - Stopped by Sergei Kostenko with a rebound.
4:26 of 2nd period - Slapshot by William Karlsson.
4:26 of 2nd period - Stopped by Igor Shesterkin without a rebound.
4:27 of 2nd period - Jamie McGinn wins face-off versus Garrett Wilson in Royaux zone.
5:05 of 2nd period - Austin Poganski is hit by Phil Oreskovic and loses puck.
5:36 of 2nd period - Snap shot by Sonny Milano.
5:36 of 2nd period - Shot Blocked by Ryan Graves.
5:38 of 2nd period - Slapshot by Ryan Pulock.
5:38 of 2nd period - Stopped by Sergei Kostenko with a rebound.
5:40 of 2nd period - Snap shot by Mathieu Joseph.
5:40 of 2nd period - Goal by Mathieu Joseph - Royaux : 3 - Thunder : 0.
5:41 of 2nd period - Dylan Larkin wins face-off versus William Karlsson in neutral zone.
6:31 of 2nd period - Wrist shot by William Karlsson.
6:31 of 2nd period - Stopped by Igor Shesterkin with a rebound.
6:43 of 2nd period - Wrist shot by Brayden Point.
6:43 of 2nd period - Stopped by Igor Shesterkin with a rebound.
6:49 of 2nd period - Minor Penalty to Tye McGinn for Hooking.
6:50 of 2nd period - William Karlsson wins face-off versus Danny Kristo in Royaux zone.
6:57 of 2nd period - Snap shot by William Karlsson.
6:57 of 2nd period - Stopped by Igor Shesterkin without a rebound.
6:58 of 2nd period - William Karlsson wins face-off versus Danny Kristo in Royaux zone.
7:31 of 2nd period - Slapshot by Jesper Pettersson.
7:31 of 2nd period - Goal by Jesper Pettersson - Royaux : 3 - Thunder : 1.
7:32 of 2nd period - Jamie McGinn wins face-off versus Dylan Larkin in neutral zone.
8:27 of 2nd period - Minor Penalty to Jesper Pettersson for Hooking.
8:28 of 2nd period - William Karlsson wins face-off versus Dylan Larkin in Thunder zone.
8:59 of 2nd period - Icing by Dylan Larkin.
9:00 of 2nd period - Trevor Lewis wins face-off versus Mathew Barzal in Royaux zone.
10:27 of 2nd period - Penalty to Jesper Pettersson is over, Jesper Pettersson is back on ice.
10:45 of 2nd period - Brendan Woods is hit by Brayden Point and loses puck.
11:09 of 2nd period - Phil Oreskovic is hit by Jesper Pettersson.
11:34 of 2nd period - Brayden Point is hit by Rourke Chartier and loses puck.
11:47 of 2nd period - Slapshot by Mikko Vainonen.
11:47 of 2nd period - Shot Misses the Net.
11:49 of 2nd period - Snap shot by Jesper Pettersson.
11:49 of 2nd period - Stopped by Igor Shesterkin without a rebound.
11:50 of 2nd period - Dylan Larkin wins face-off versus William Karlsson in Royaux zone.
11:50 of 2nd period - Dylan Larkin is hit by Colton Sceviour.
12:06 of 2nd period - Wrist shot by William Karlsson.
12:06 of 2nd period - Stopped by Igor Shesterkin without a rebound.
12:07 of 2nd period - Trevor Lewis wins face-off versus Mathew Barzal in Royaux zone.
12:15 of 2nd period - Minor Penalty to Mackenze Stewart for Tripping.
12:16 of 2nd period - Tye McGinn wins face-off versus Trevor Lewis in Thunder zone.
12:41 of 2nd period - Mathew Barzal is hit by Jakob Lilja and loses puck.
13:04 of 2nd period - Jesper Pettersson is hit by Tye McGinn and loses puck.
14:09 of 2nd period - Phil Oreskovic is hit by Jakob Lilja and loses puck.
14:15 of 2nd period - Penalty to Mackenze Stewart is over, Mackenze Stewart is back on ice.
14:47 of 2nd period - Snap shot by Garrett Wilson.
14:47 of 2nd period - Shot Blocked by Artturi Lehkonen.
14:49 of 2nd period - Snap shot by Ryan Pulock.
14:49 of 2nd period - Shot Misses the Net.
14:51 of 2nd period - Snap shot by Garrett Wilson.
14:51 of 2nd period - Shot Misses the Net.
14:53 of 2nd period - Slapshot by Ryan Pulock.
14:53 of 2nd period - Shot Misses the Net.
15:41 of 2nd period - Icing by Mackenze Stewart.
15:42 of 2nd period - Zach Stepan wins face-off versus Garrett Wilson in Thunder zone.
15:47 of 2nd period - Wrist shot by Jamie McGinn.
15:47 of 2nd period - Stopped by Igor Shesterkin without a rebound.
15:48 of 2nd period - Garrett Wilson wins face-off versus Brayden Point in Royaux zone.
16:05 of 2nd period - Slapshot by Travis Sanheim.
16:05 of 2nd period - Stopped by Sergei Kostenko with a rebound.
16:07 of 2nd period - Slapshot by Travis Sanheim.
16:07 of 2nd period - Stopped by Sergei Kostenko with a rebound.
16:20 of 2nd period - Off-side.
16:21 of 2nd period - Dylan Larkin wins face-off versus Colton Sceviour in neutral zone.
16:57 of 2nd period - Wrist shot by Jakob Lilja.
16:57 of 2nd period - Stopped by Igor Shesterkin without a rebound.
16:58 of 2nd period - William Karlsson wins face-off versus Dylan Larkin in Royaux zone.
17:30 of 2nd period - Wrist shot by Danny Kristo.
17:30 of 2nd period - Shot Blocked by Emil Johansson.
17:32 of 2nd period - Slapshot by Ryan Pulock.
17:32 of 2nd period - Shot Blocked by Emil Johansson.
17:34 of 2nd period - Slapshot by Ryan Pulock.
17:34 of 2nd period - Deflect By Brendan Woods.
17:34 of 2nd period - Shot Blocked by Jesper Pettersson.
17:34 of 2nd period - Puck is out of play.
17:35 of 2nd period - Brayden Point wins face-off versus Dylan Larkin in Thunder zone.
17:35 of 2nd period - Brayden Point is hit by Ben Hanowski.
17:42 of 2nd period - Off-side.
17:43 of 2nd period - Brayden Point wins face-off versus Dylan Larkin in neutral zone.
17:49 of 2nd period - Off-side.
17:50 of 2nd period - William Karlsson wins face-off versus Dylan Larkin in neutral zone.
18:00 of 2nd period - Snap shot by Tye McGinn.
18:00 of 2nd period - Stopped by Sergei Kostenko without a rebound.
18:01 of 2nd period - William Karlsson wins face-off versus Dylan Larkin in Thunder zone.
18:50 of 2nd period - Trevor Lewis is hit by Danny Kristo and loses puck.
18:55 of 2nd period - Slapshot by Brendan Woods.
18:55 of 2nd period - Stopped by Sergei Kostenko with a rebound.
19:11 of 2nd period - Wrist shot by Colton Sceviour.
19:11 of 2nd period - Deflect By Tye McGinn.
19:11 of 2nd period - Stopped by Igor Shesterkin with a rebound.
19:13 of 2nd period - Snap shot by Jamie McGinn.
19:13 of 2nd period - Stopped by Igor Shesterkin with a rebound.
19:43 of 2nd period - Brandon Pirri is hit by Mackenze Stewart and loses puck.
Goals for this period are 1 for Royaux vs 1 for Thunder.
Shots for this period are 12 for Royaux vs 12 for Thunder.

3rd period


0:01 of 3rd period - Dylan Larkin wins face-off versus William Karlsson in neutral zone.
0:08 of 3rd period - Slapshot by Dylan Larkin.
0:08 of 3rd period - Shot Blocked by Colton Sceviour.
0:28 of 3rd period - Wrist shot by Artturi Lehkonen.
0:28 of 3rd period - Stopped by Igor Shesterkin with a rebound.
0:30 of 3rd period - Wrist shot by Mikko Vainonen.
0:30 of 3rd period - Stopped by Igor Shesterkin without a rebound.
0:31 of 3rd period - Mathew Barzal wins face-off versus Brayden Point in Royaux zone.
1:16 of 3rd period - Snap shot by Artturi Lehkonen.
1:16 of 3rd period - Shot Blocked by Brandon Pirri.
1:58 of 3rd period - Snap shot by Brandon Pirri.
1:58 of 3rd period - Goal by Brandon Pirri - Royaux : 4 - Thunder : 1.
1:59 of 3rd period - Dylan Larkin wins face-off versus William Karlsson in neutral zone.
2:08 of 3rd period - Slapshot by Tye McGinn.
2:08 of 3rd period - Deflect By Dylan Larkin.
2:08 of 3rd period - Shot Misses the Net.
2:08 of 3rd period - Puck is out of play.
2:09 of 3rd period - Dylan Larkin wins face-off versus William Karlsson in Thunder zone.
2:10 of 3rd period - Backhand shot by Ben Hanowski.
2:10 of 3rd period - Goal by Ben Hanowski - Royaux : 5 - Thunder : 1.
2:10 of 3rd period - Niklas Treutle enters game.
2:11 of 3rd period - Dylan Larkin wins face-off versus William Karlsson in neutral zone.
2:16 of 3rd period - Snap shot by Ben Hanowski.
2:16 of 3rd period - Stopped by Niklas Treutle with a rebound.
2:18 of 3rd period - Minor Penalty to Colton Sceviour for Hooking.
2:19 of 3rd period - William Karlsson wins face-off versus Dylan Larkin in Thunder zone.
2:30 of 3rd period - Brayden Point is hit by Tye McGinn and loses puck.
4:08 of 3rd period - Icing by Travis Sanheim.
4:09 of 3rd period - Mathew Barzal wins face-off versus Colby Cave in Royaux zone.
4:16 of 3rd period - Jesper Pettersson is hit by Kasperi Kapanen.
4:18 of 3rd period - Penalty to Colton Sceviour is over, Colton Sceviour is back on ice.
4:54 of 3rd period - Wrist shot by Sonny Milano.
4:54 of 3rd period - Shot Misses the Net.
5:10 of 3rd period - Slapshot by Mackenze Stewart.
5:10 of 3rd period - Stopped by Igor Shesterkin with a rebound.
5:12 of 3rd period - Wrist shot by Brayden Point.
5:12 of 3rd period - Shot Misses the Net.
5:40 of 3rd period - Gianluca Curcuruto is hit by Marcus Pettersson and loses puck.
6:30 of 3rd period - Colton Sceviour is hit by Kasperi Kapanen and loses puck.
6:57 of 3rd period - Jakob Lilja is hit by Dylan Larkin and loses puck.
7:30 of 3rd period - Snap shot by Brendan Woods.
7:30 of 3rd period - Shot Misses the Net.
8:23 of 3rd period - Off-side.
8:24 of 3rd period - Brayden Point wins face-off versus Dylan Larkin in neutral zone.
9:09 of 3rd period - Snap shot by Jakob Lilja.
9:09 of 3rd period - Stopped by Igor Shesterkin with a rebound.
9:13 of 3rd period - Wrist shot by Trevor Lewis.
9:13 of 3rd period - Deflect By Angelo Esposito.
9:13 of 3rd period - Shot Misses the Net.
9:13 of 3rd period - Puck is out of play.
9:14 of 3rd period - William Karlsson wins face-off versus Dylan Larkin in Royaux zone.
10:12 of 3rd period - Snap shot by Brendan Woods.
10:12 of 3rd period - Shot Misses the Net.
10:14 of 3rd period - Wrist shot by Danny Kristo.
10:14 of 3rd period - Stopped by Niklas Treutle with a rebound.
10:16 of 3rd period - Snap shot by Ryan Pulock.
10:16 of 3rd period - Shot Blocked by Jesper Pettersson.
10:26 of 3rd period - Simon Despres is hit by Emil Johansson and loses puck.
11:08 of 3rd period - Snap shot by Brandon Pirri.
11:08 of 3rd period - Stopped by Niklas Treutle with a rebound.
11:10 of 3rd period - Snap shot by Travis Sanheim.
11:10 of 3rd period - Stopped by Niklas Treutle without a rebound.
11:11 of 3rd period - Mathew Barzal wins face-off versus Angelo Esposito in Thunder zone.
11:14 of 3rd period - Wrist shot by Kasperi Kapanen.
11:14 of 3rd period - Deflect By Mathew Barzal.
11:14 of 3rd period - Shot Misses the Net.
11:14 of 3rd period - Puck is out of play.
11:15 of 3rd period - Mathew Barzal wins face-off versus Angelo Esposito in Thunder zone.
11:30 of 3rd period - Wrist shot by Angelo Esposito.
11:30 of 3rd period - Stopped by Igor Shesterkin without a rebound.
11:31 of 3rd period - Dylan Larkin wins face-off versus Austin Poganski in Royaux zone.
11:38 of 3rd period - Snap shot by Brayden Point.
11:38 of 3rd period - Stopped by Igor Shesterkin with a rebound.
11:40 of 3rd period - Slapshot by Gianluca Curcuruto.
11:40 of 3rd period - Shot Misses the Net.
11:42 of 3rd period - Snap shot by Brayden Point.
11:42 of 3rd period - Shot Misses the Net.
12:19 of 3rd period - Snap shot by Mikko Vainonen.
12:19 of 3rd period - Stopped by Igor Shesterkin with a rebound.
12:43 of 3rd period - Snap shot by Garrett Wilson.
12:43 of 3rd period - Stopped by Niklas Treutle with a rebound.
13:01 of 3rd period - Wrist shot by Artturi Lehkonen.
13:01 of 3rd period - Deflect By Austin Poganski.
13:01 of 3rd period - Stopped by Igor Shesterkin without a rebound.
13:02 of 3rd period - Dylan Larkin wins face-off versus William Karlsson in Royaux zone.
13:16 of 3rd period - Ryan Graves is hit by Travis Sanheim and loses puck.
14:07 of 3rd period - Slapshot by Ben Hanowski.
14:07 of 3rd period - Stopped by Niklas Treutle with a rebound.
14:13 of 3rd period - Colton Sceviour is hit by Tye McGinn.
14:45 of 3rd period - Wrist shot by Tye McGinn.
14:45 of 3rd period - Shot Blocked by Gianluca Curcuruto.
14:55 of 3rd period - Wrist shot by Jamie McGinn.
14:55 of 3rd period - Deflect By William Karlsson.
14:55 of 3rd period - Goal by William Karlsson - Royaux : 5 - Thunder : 2.
14:56 of 3rd period - Brayden Point wins face-off versus Mathew Barzal in neutral zone.
15:07 of 3rd period - Slapshot by Artturi Lehkonen.
15:07 of 3rd period - Shot Blocked by Kasperi Kapanen.
15:09 of 3rd period - Snap shot by Austin Poganski.
15:09 of 3rd period - Shot Misses the Net.
15:11 of 3rd period - Snap shot by Artturi Lehkonen.
15:11 of 3rd period - Shot Blocked by Travis Sanheim.
15:21 of 3rd period - Jesper Pettersson is hit by Danny Kristo and loses puck.
15:40 of 3rd period - Wrist shot by Sonny Milano.
15:40 of 3rd period - Shot Misses the Net.
16:03 of 3rd period - Minor Penalty to Mikko Vainonen for Holding Stick.
16:04 of 3rd period - Mathew Barzal wins face-off versus Brayden Point in Thunder zone.
17:10 of 3rd period - Emil Johansson is hit by Tye McGinn and loses puck.
17:27 of 3rd period - Trevor Lewis is hit by Marcus Pettersson and loses puck.
17:40 of 3rd period - Gianluca Curcuruto is hit by Danny Kristo and loses puck.
18:03 of 3rd period - Penalty to Mikko Vainonen is over, Mikko Vainonen is back on ice.
18:32 of 3rd period - Mathieu Joseph is hit by Mikko Vainonen and loses puck.
19:52 of 3rd period - Rourke Chartier is hit by Gianluca Curcuruto.
Goals for this period are 2 for Royaux vs 1 for Thunder.
Shots for this period are 8 for Royaux vs 9 for Thunder.